 Dungeon Crawl Stone Soup version 0.31-a0-1626-g5cb510d322 (webtiles) character file.

Game seed: 16445244323891426189

66256 Implojin the Brawler (level 15, -2/171 HPs)
             Began as a Hill Orc Chaos Knight on Jan 12, 2024.
             Was a High Priest of Okawaru.
             Slain by a shadow (22 damage)
             ... on level 13 of the Dungeon.
             The game lasted 01:01:50 (26335 turns).

Implojin the Brawler (Hill Orc Chaos Knight)       Turns: 26335, Time: 01:01:50

Health: -2/171     AC:  0    Str: 19    XL:     15   Next: 19%
Magic:  24/24      EV: 15    Int: 12    God:    Okawaru [*****.]
Gold:   1285       SH:  0    Dex: 14    Spells: 14/14 levels left

rFire   . .          .
                       - Unarmed
rCold   . . .        (shield currently unavailable)
rNeg    . . .        T - melded +10 plate armour {ponderous}
rPois   .            (helmet currently unavailable)
rElec   .            k - melded scarf {rC+ rF+}
rCorr   .            P - melded +2 pair of gloves
SInv    .            (boots currently unavailable)
Will    +....        f - amulet of the acrobat
Stlth   ++           H - melded ring of Rahij {^Contam rPois rN+ Dex+3 SInv}
HPRegen 0.48/turn    K - melded +6 ring of strength
MPRegen 0.19/turn

%: acrobat
@: pig-form, unable to drink, very quick
A: fast, no casting, small, (horns 1), (iridescent scales 1), robust 3,
screaming 1, wild magic 1, inability to drink after injury 2, persistent drain
a: Renounce Religion, Heroism, Finesse, Duel


You were on level 13 of the Dungeon.
You worshipped Okawaru.
Okawaru was extremely pleased with you.
You were a filthy swine.
You visited 3 branches of the dungeon, and saw 19 of its levels.
You also visited: Bailey, Gauntlet and Volcano.

You collected 1697 gold pieces.
You spent 412 gold pieces at shops.

Inventory:

Missiles
 b - 28 boomerangs (quivered)
 e - 5 poisoned darts
 z - 9 curare-tipped darts
 R - 13 javelins
 U - 5 silver javelins
Armour
 k - a scarf of resistance (melded)
 y - a +0 kite shield
 B - a +0 cloak
 M - a +1 helmet
 P - a +2 pair of gloves (melded)
 T - a +10 plate armour of ponderousness (melded)
 Z - a +4 scale mail of fire resistance
Jewellery
 f - an amulet of the acrobat (around neck)
 l - a ring of protection from fire
 r - a ring of protection from fire
 u - a ring of resist corrosion
 A - a ring of ice
 H - the ring of Rahij (melded) {^Contam rPois rN+ Dex+3 SInv}
   (You found it in a Gauntlet)

   [ring of poison resistance]

   Dex+3:     It affects your dexterity (+3).
   rPois:     It protects you from poison rN+: It protects you from negative
   energy.
   SInv:      It lets you see invisible.
   ^Contam:   It causes magical contamination when unequipped.
 K - a +6 ring of strength (melded)
Wands
 p - a wand of polymorph (4)
 v - a wand of paralysis (1)
 D - a wand of digging (4)
 E - a wand of iceblast (21)
 G - a wand of mindburst (11)
 J - a wand of light (5)
Scrolls
 j - 4 scrolls of immolation
 m - 2 scrolls of brand weapon
 o - 4 scrolls of fog
 q - 3 scrolls of enchant armour
 t - 6 scrolls of poison
 I - 4 scrolls of enchant weapon
 Q - 2 scrolls of vulnerability
 V - a scroll of silence {unknown}
 W - a scroll of blinking
 X - a scroll of teleportation
 Y - a scroll of fear
Potions
 a - 2 potions of mutation
 c - 3 potions of curing
 d - 2 potions of lignification {unknown}
 g - a potion of haste
 h - 12 potions of enlightenment
 i - 2 potions of invisibility {unknown}
 n - 2 potions of heal wounds
 w - a potion of berserk rage {unknown}
 x - 3 potions of might
 C - 4 potions of attraction
 F - a potion of magic {unknown}
 L - a potion of resistance {unknown}
Miscellaneous
 N - a phial of floods
 O - a lightning rod (4/4)


   Skills:
 - Level 12.0 Fighting
 - Level 8.0 Throwing
 - Level 15.0 Armour
 - Level 3.4 Dodging
 - Level 3.0 Stealth
 * Level 15.8 Unarmed Combat
 - Level 12.0 Invocations
 - Level 7.0 Evocations


You had 14 spell levels left.
You didn't know any spells.
Your spell library contained the following spells:

 Spells                   Type           Power      Damage    Failure   Level
 Necrotise                Necr           0%         1d4       41%         1
 Sting                    Conj/Alch      0%         1d3       41%         1
 Blink                    Tloc           0%         N/A       54%         2
 Ensorcelled Hibernation  Hex/Ice        0%         N/A       54%         2
 Lesser Beckoning         Tloc           0%         N/A       54%         2
 Mercury Vapours          Alch/Air       0%         N/A       54%         2
 Momentum Strike          Conj/Tloc      0%         3d8       54%         2
 Dazzling Flash           Conj/Hex       0%         N/A       77%         3
 Fugue of the Fallen      Necr           0%         N/A       77%         3
 Inner Flame              Hex/Fire       0%         N/A       77%         3
 Mephitic Cloud           Conj/Alch/Air  0%         N/A       77%         3
 Sigil of Binding         Hex            0%         N/A       77%         3
 Vampiric Draining        Necr           0%         2d6       77%         3
 Volatile Blastmotes      Fire/Tloc      0%         2d10      77%         3
 Anguish                  Hex/Necr       0%         N/A       98%         4
 Dimensional Bullseye     Hex/Tloc       0%         N/A       98%         4
 Ignite Poison            Fire/Alch      0%         N/A       98%         4
 Olgreb's Toxic Radiance  Alch           0%         N/A       98%         4
 Sticky Flame             Fire/Alch      0%         2d4       98%         4
 Vhi's Electric Charge    Tloc/Air       0%         N/A       98%         4
 Arcjolt                  Conj/Air       0%         1d10      100%        5
 Borgnjor's Vile Clutch   Necr/Erth      0%         N/A       100%        5
 Curse of Agony           Necr           0%         N/A       100%        5
 Irradiate                Conj/Alch      0%         3d11      100%        5
 Silence                  Hex/Air        0%         N/A       100%        5
 Plasma Beam              Fire/Air       0%         2x1d10    100%        6
 Starburst                Conj/Fire      0%         6d3       100%        6
 Ignition                 Fire           0%         3d3       100%        8
 Maxwell's Capacitive Co  Air            0%         ∞         100%        8
 Call Canine Familiar     Summ           Unusable   N/A       N/A         3
 Animate Dead             Necr           Unusable   N/A       N/A         4
 Martyr's Knell           Necr/Summ      Unusable   N/A       N/A         4
 Death Channel            Necr           Unusable   N/A       N/A         6

Dungeon Overview and Level Annotations

Branches:
Dungeon (13/15)            Temple (1/1) D:5            Lair (5/5) D:9
 Shoals (0/4) Lair:2        Snake (0/4) Lair:3        Slime (0/5) Lair:4
    Orc (0/2) D:10         Bailey (visited)         Volcano (visited)
Gauntlet (visited)
 Vaults: D:13-14

Altars:
Ashenzari
Cheibriados
Dithmenos
Elyvilon
Fedhas
Gozag
Hepliaklqana
Kikubaaqudgha
Makhleb
Nemelex Xobeh
Okawaru
Qazlal
Ru
Sif Muna
Trog
Uskayaw
Vehumet
Wu Jian
Xom
Yredelemnul
Zin
The Shining One
Jiyva
Lugonu

Shops:
D:4 *   D:12 ?

Portals:
Trove: D:10 (give +7 demon blade)

Annotations:
D:8 Gastronok, Psyche
D:13 Kirke


Innate Abilities, Weirdness & Mutations

You are a filthy swine.
You move quickly.
Your equipment is almost entirely melded.
You are incapable of wielding weapons or throwing items.
You cannot cast spells.
((You have a pair of small horns on your head.))
((You are partially covered in iridescent scales. (AC +2)))
You are extremely robust. (+30% HP)
You occasionally shout uncontrollably at your foes.
Your spells are a little harder to cast, but a little more powerful.
You sometimes lose the ability to drink potions when taking damage.
Your health recovers twice as slowly from being drained.


Message History

Unknown command.
You barely miss something. The lindwurm closely misses you.
The lindwurm claws you. The lindwurm barely misses you.
Danger: Low HP Warning |T3| Reason: 37% HP (64/171)
You bite something! Something hits you!
You feel threatened and lose the ability to drink potions!
The lindwurm breathes flames at you. The blast of flame hits you!!
Danger: Low HP Warning |T3| Reason: 16% HP (28/171) Unknown command.
You cannot drink potions in your current state!
Something hits you!
Danger: Low HP Warning |T3| Reason: 10% HP (18/171) Unknown command.
Your surroundings suddenly seem different.
You squeal at the shadow!
A shadow and a centaur warrior come into view.
Found a stone staircase leading down and a stone staircase leading up.
The centaur warrior shouts!
The centaur warrior wields a +0 shortbow.
The centaur warrior shoots an arrow.
The arrow closely misses you.
The shadow slips into darkness.
The shadow flickers and vanishes!
There is a stone staircase leading down here.
Unknown command.
As you read the scroll of fog, it dissolves into smoke.
Unknown command.
Unknown command.
You cannot drink potions in your current state!
Unknown command.
Okay, then.
Okay, then.
You cannot drink potions in your current state!
Unknown command.
Aiming: Dig
Press: ? - help, Shift-Dir - straight line A rock wall.
The rock shatters into small pieces.
The shadow strikes at you from the darkness!
You die...

.# .# #.# #.# #..
##..# <.# ..... #.#
....<. #.# #§.....
#.#{§..c.. #h§§.....
#§§####### ..# #§§§#
...# #. ....## ...#
#.#.# ....# #..##
#.#..# ##### ####
#..## ##.#...# ###
###..## #..#
#h#@...#
##.#####.....###[..
h#h....#
##..).....###...#...


There were no monsters in sight!

Vanquished Creatures
  A minotaur (Gauntlet)
  A fire dragon (Volcano)
  Snorg (D:10)
  Fannar (Lair:3)
  Josephine (D:13)
  7 hydras
  A centaur warrior (D:13)
  A boulder beetle (Lair:2)
  4 catoblepae (Lair:5)
  A two-headed ogre (D:11)
  14 death yaks (Lair:5)
  Sonja (Lair:4)
  A fire crab (Gauntlet)
  An orc knight (Bailey)
  Pikel (D:9)
  A lindwurm (Volcano)
  2 statues (D:11)
  An oklob plant (Gauntlet)
  A shining eye (Gauntlet)
  An ugly thing (D:13)
  2 manticores (Lair:5)
  Maurice (D:7)
  A cyclops (D:12)
  3 elephants (Lair:5)
  2 torpor snails (Lair:5)
  3 black mambas
  Joseph (D:8)
  2 gargoyles
  19 cane toads
  A kobold demonologist (D:11)
  Jeremiah (D:9)
  3 rime drakes
  7 komodo dragons
  2 unseen horrors
  A queen bee (Gauntlet)
  3 trolls
  4 polar bears
  A glass eye (Gauntlet)
  16 blink frogs
  6 dream sheep (Lair:5)
  6 wyverns
  A shadow (D:8)
  4 wraiths (D:13)
  A vampire (D:9)
  Grum (D:9)
  60 yaks
  4 fire bats (Gauntlet)
  4 basilisks
  A hog (D:13)
  A golden eye (Gauntlet)
  A steam dragon (Volcano)
  2 vampire mosquitoes (D:12)
  2 nagas (Lair:3)
  3 acid dragons
  16 water moccasins
  3 hell hounds (Volcano)
  Duvessa (D:4)
  15 orc warriors
  11 wolves
  2 ogres
  3 centaurs
  A lemure (D:9)
  2 kobold brigands
  A phantom (D:5)
  Blork the orc (D:5)
  20 bullfrogs
  3 scorpions
  2 gnoll sergeants (D:10)
  3 wights (D:9)
  22 killer bees
  A howler monkey (D:5)
  3 electric eels (D:10)
  A bombardier beetle (D:5)
  6 orc priests
  A gnoll bouda (D:8)
  3 hounds
  A jelly (D:7)
  Crazy Yiuf (D:6)
  3 sleepcaps
  3 iguanas (D:6)
  23 hell rats
  7 orc wizards
  10 gnolls
  7 adders
  2 white imps (D:8)
  2 ribbon worms
  A dart slug (D:4)
  50 orcs
  3 bats
  4 endoplasms
  A giant cockroach (D:3)
  9 goblins
  14 hobgoblins
  3 jackals (D:2)
  19 kobolds
  3 quokkas
  9 ball pythons
  3 frilled lizards (D:1)
  4 rats
  2 butterflies (Lair:3)
518 creatures vanquished.

Vanquished Creatures (collateral kills)
  An ice beast (D:4)
  Dowan (D:4)
2 creatures vanquished.

Grand Total: 520 creatures vanquished

Notes
Turn   | Place    | Note
-------+----------+-------------------------------------------
     0 | D:1      | Implojin the Hill Orc Chaos Knight began the quest for the
                  | Orb.
     0 | D:1      | Reached XP level 1. HP: 19/19 MP: 1/1
   232 | D:1      | Reached XP level 2. HP: 20/26 MP: 2/2
   381 | D:1      | XOM: silly message
   400 | D:1      | XOM: divination: detect creatures
   659 | D:1      | XOM: silly message
   751 | D:1      | XOM: divination: magic mapping
   847 | D:2      | Reached XP level 3. HP: 28/31 MP: 3/3
   927 | D:2      | XOM: cast spell 'Animate Armour'
  1139 | D:2      | Reached skill level 5 in Unarmed Combat
  1188 | D:2      | XOM: silly message
  1264 | D:2      | XOM: butterfly on damage
  1395 | D:2      | XOM: summons 2 hostile demons
  1396 | D:2      | Noticed a chaos spawn
  1711 | D:3      | Reached XP level 4. HP: 39/39 MP: 4/4
  1794 | D:3      | XOM: give mutations
  1794 | D:3      | Gained mutation: You occasionally lose the ability to drink
                  | potions when taking damage. [Xom's mischief]
  1794 | D:3      | Gained mutation: You are robust. (+10% HP) [Xom's mischief]
  1812 | D:3      | Found a stormy altar of Qazlal.
  1818 | D:3      | XOM: silly message
  1855 | D:3      | XOM: 6-stop teleportation journey
  1881 | D:3      | XOM: give mutation
  1881 | D:3      | Lost mutation: You occasionally lose the ability to drink
                  | potions when taking damage. [Xom's mischief]
  1956 | D:3      | XOM: silly message
  2084 | D:3      | XOM: noise
  2096 | D:3      | XOM: silly message
  2130 | D:2      | XOM: give mutations
  2130 | D:2      | Gained mutation: Your flesh is heat resistant. (rF+) [Xom's
                  | mischief]
  2130 | D:2      | Lost mutation: Your flesh is heat resistant. (rF+) [Xom's
                  | mischief]
  2130 | D:2      | Gained mutation: You do not regenerate when monsters are
                  | visible. [Xom's mischief]
  2216 | D:3      | XOM: divination: detect creatures
  2227 | D:3      | Reached XP level 5. HP: 21/49 MP: 5/5
  2684 | D:4      | Noticed Dowan
  2684 | D:4      | Noticed Duvessa
  2872 | D:4      | Found Vetah's Assorted Antiques.
  2882 | D:4      | Bought a white potion for 21 gold pieces
  2882 | D:4      | Bought a white potion for 21 gold pieces
  2882 | D:4      | Bought a lumpy coppery potion for 21 gold pieces
  2882 | D:4      | Bought a scroll labelled GALIZA PODUME for 24 gold pieces
  2882 | D:4      | Bought a purple potion for 21 gold pieces
  2892 | D:4      | XOM: cloud trail
  3054 | D:4      | Killed Duvessa
  3055 | D:4      | Reached XP level 6. HP: 54/56 MP: 6/6
  3079 | D:4      | Noticed an ice beast
  3095 | D:4      | XOM: silly message
  3108 | D:4      | XOM: confusion
  3112 | D:4      | Killed Dowan
  3116 | D:4      | Killed an ice beast
  3270 | D:4      | Reached XP level 7. HP: 54/66 MP: 7/7
  3495 | D:4      | Reached skill level 5 in Fighting
  3528 | D:4      | XOM: 9-stop teleportation journey
  3566 | D:4      | XOM: give mutations
  3566 | D:4      | Gained mutation: Your health recovers twice as slowly from
                  | being drained. [Xom's mischief]
  3566 | D:4      | Gained mutation: Armour fits poorly on your strangely
                  | shaped body. [Xom's mischief]
  3566 | D:4      | Gained mutation: You are agile. (Dex +4, Str/Int -1) [Xom's
                  | mischief]
  3566 | D:4      | Gained mutation: Your spells are a little harder to cast,
                  | but a little more powerful. [Xom's mischief]
  3585 | D:4      | XOM: summons 4 hostile demons
  3943 | D:4      | XOM: give mutations
  3943 | D:4      | Lost mutation: Armour fits poorly on your strangely shaped
                  | body. [Xom's mischief]
  3943 | D:4      | Gained mutation: You are vulnerable to cold. (rC-) [Xom's
                  | mischief]
  3943 | D:4      | Gained mutation: You occasionally lose the ability to drink
                  | potions when taking damage. [Xom's mischief]
  3946 | D:4      | Reached skill level 1 in Stealth
  4035 | D:5      | Entered Level 5 of the Dungeon
  4037 | D:5      | XOM: cleaving
  4343 | D:5      | Found a staircase to the Ecumenical Temple.
  4449 | D:5      | Noticed Blork the orc
  4463 | D:5      | Killed Blork the orc
  4464 | D:5      | Reached XP level 8. HP: 41/74 MP: 8/8
  4644 | D:5      | Found a radiant altar of Vehumet.
  4769 | D:5      | XOM is BORED!
  4769 | D:5      | XOM: torment (38/74 hp)
  4923 | D:5      | XOM: give mutations
  4923 | D:5      | Gained mutation: You have a pair of small horns on your
                  | head. [Xom's mischief]
  4923 | D:5      | Lost mutation: You are agile. (Dex +4, Str/Int -1) [Xom's
                  | mischief]
  4923 | D:5      | Lost mutation: You do not regenerate when monsters are
                  | visible. [Xom's mischief]
  4923 | D:5      | Gained mutation: Your natural rate of healing is unusually
                  | fast. [Xom's mischief]
  4923 | D:5      | Lost mutation: Your natural rate of healing is unusually
                  | fast. [Xom's mischief]
  5034 | D:5      | XOM: summons 4 hostile demons
  5035 | D:5      | Noticed a smoke demon
  5055 | Temple   | Entered the Ecumenical Temple
  5077 | Temple   | Fell from the grace of Xom
  5077 | Temple   | Became a worshipper of Warmaster Okawaru
  5419 | D:6      | Noticed a troll
  5679 | D:6      | Reached skill level 10 in Unarmed Combat
  5731 | D:6      | Reached skill level 1 in Throwing
  5846 | D:6      | Reached * piety under Okawaru
  5960 | D:6      | XOM: give mutations
  5960 | D:6      | Gained mutation: You are very robust. (+20% HP) [Xom's
                  | mischief]
  5960 | D:6      | Gained mutation: Your skin changes colour to match your
                  | surroundings (Stealth+). [Xom's mischief]
  5960 | D:6      | Lost mutation: Your skin changes colour to match your
                  | surroundings (Stealth+). [Xom's mischief]
  5960 | D:6      | Gained mutation: You sometimes lose the ability to drink
                  | potions when taking damage. [Xom's mischief]
  6164 | D:6      | Found a glowing silver altar of Zin.
  6165 | D:6      | Found a glowing golden altar of the Shining One.
  6167 | D:6      | Found a white marble altar of Elyvilon.
  6314 | D:6      | Killed a troll
  6341 | D:6      | XOM: summons 7 hostile demons
  6548 | D:6      | Found a runed translucent door.
  6549 | D:6      | Noticed Crazy Yiuf
  6572 | D:6      | XOM: summons 1 hostile demon
  6596 | D:6      | XOM: stat loss: -2 Dex (8/12)
  6831 | D:6      | XOM: give mutation
  6831 | D:6      | Gained mutation: Your body sometimes deteriorates upon
                  | taking damage. [Xom's mischief]
  6865 | D:6      | Killed Crazy Yiuf
  6936 | D:7      | Found a burning altar of Makhleb.
  6962 | D:7      | Reached skill level 5 in Invocations
  6962 | D:7      | Reached XP level 9. HP: 84/88 MP: 11/13
  7169 | D:7      | Noticed Maurice
  7178 | D:7      | Something stole a +1 dagger of electrocution
  7181 | D:7      | Something stole 6 curare-tipped darts
  7182 | D:7      | Something stole 302 gold
  7333 | D:7      | Found an ancient bone altar of Kikubaaqudgha.
  7336 | D:7      | Found a bloodstained altar of Trog.
  7337 | D:7      | Found a shimmering altar of Xom.
  7337 | D:7      | Found an ornate altar of the Wu Jian Council.
  7737 | D:7      | XOM: summons 3 hostile shadow creatures
  8024 | D:7      | Found a burning altar of Makhleb.
  8105 | D:7      | Killed Maurice
  8202 | D:7      | XOM: noise
  8486 | D:7      | Found an ancient bone altar of Kikubaaqudgha.
  8489 | D:7      | Found a bloodstained altar of Trog.
  8490 | D:7      | Found an ornate altar of the Wu Jian Council.
  8491 | D:7      | Found a shimmering altar of Xom.
  8567 | D:7      | Upgraded the game from 0.31-a0-1620-gcbf77bbcfc to
                  | 0.31-a0-1626-g5cb510d322
  8819 | D:8      | Reached ** piety under Okawaru
  9068 | D:8      | XOM: 1-stop teleportation journey
  9344 | D:8      | Found a broken altar of Ashenzari.
  9382 | D:8      | Noticed Joseph
  9416 | D:8      | Killed Joseph
  9417 | D:8      | Reached XP level 10. HP: 82/105 MP: 12/14
  9450 | D:8      | XOM: summons 2 hostile shadow creatures
  9730 | D:8      | Reached skill level 1 in Dodging
  9875 | D:8      | Noticed Psyche
 10272 | D:8      | XOM: give mutations
 10272 | D:8      | Gained mutation: You expend magic power (3 MP) to
                  | strengthen your wands. [Xom's mischief]
 10272 | D:8      | Lost mutation: Your body sometimes deteriorates upon taking
                  | damage. [Xom's mischief]
 10272 | D:8      | Lost mutation: You are vulnerable to cold. (rC-) [Xom's
                  | mischief]
 10272 | D:8      | Lost mutation: You expend magic power (3 MP) to strengthen
                  | your wands. [Xom's mischief]
 10289 | D:8      | Noticed Gastronok
 10470 | D:9      | XOM: 1-stop teleportation journey
 10485 | D:9      | Found a staircase to the Lair.
 10488 | D:9      | Noticed Jeremiah
 10510 | D:9      | XOM: summons 1 hostile shadow creature
 10538 | D:9      | Killed Jeremiah
 10742 | D:9      | XOM: give mutations
 10742 | D:9      | Gained mutation: Your mind is acute. (Int +4, Str/Dex -1)
                  | [Xom's mischief]
 10742 | D:9      | Lost mutation: Your mind is acute. (Int +4, Str/Dex -1)
                  | [Xom's mischief]
 10742 | D:9      | Gained mutation: You are agile. (Dex +4, Str/Int -1) [Xom's
                  | mischief]
 10784 | D:9      | Noticed Pikel
 10803 | D:9      | Killed Pikel
 10804 | D:9      | Reached skill level 5 in Armour
 10841 | D:9      | Killed an unseen horror
 11285 | D:9      | Noticed Grum
 11319 | D:9      | Killed Grum
 11536 | D:9      | Found a sparkling altar of Nemelex Xobeh.
 11703 | D:9      | XOM: torment (54/105 hp)
 12277 | D:9      | XOM: give mutations
 12277 | D:9      | Lost mutation: You are agile. (Dex +4, Str/Int -1) [Xom's
                  | mischief]
 12277 | D:9      | Gained mutation: You are partially covered in iridescent
                  | scales. (AC +2) [Xom's mischief]
 12277 | D:9      | Gained mutation: You are extremely robust. (+30% HP) [Xom's
                  | mischief]
 12277 | D:9      | Gained mutation: You occasionally shout uncontrollably at
                  | your foes. [Xom's mischief]
 12345 | D:9      | Found a blossoming altar of Fedhas.
 12468 | D:10     | Entered Level 10 of the Dungeon
 12545 | D:10     | Reached *** piety under Okawaru
 12575 | D:10     | Found a portal to a secret trove of treasure.
 12609 | D:10     | Noticed Snorg
 12628 | D:10     | Killed Snorg
 12629 | D:10     | Reached XP level 11. HP: 45/122 MP: 15/15
 12792 | D:10     | Found a flagged portal.
 12813 | Bailey   | Entered a bailey
 12943 | Bailey   | XOM: silly message
 13000 | Bailey   | Noticed an orc knight
 13082 | Bailey   | Killed an orc knight
 13083 | Bailey   | Reached skill level 5 in Evocations
 13092 | Bailey   | Identified the +2 robe "Mameta" {rF+ rN++ Dex+4}
 13112 | Bailey   | Reached **** piety under Okawaru
 13968 | D:10     | XOM: silly message
 13996 | D:10     | Reached skill level 10 in Armour
 14120 | D:10     | XOM: silly message
 14415 | D:10     | Found a staircase to the Orcish Mines.
 14755 | D:11     | Noticed a two-headed ogre
 14781 | D:11     | Killed a two-headed ogre
 14784 | D:11     | HP: 4/122 [gargoyle/stone arrow (25)]
 14794 | D:11     | HP: 3/122 [gargoyle/stone arrow (19)]
 15295 | D:11     | Was forgiven by Xom
 15417 | D:11     | Identified the +6 sling of Quick Death {drain, rC+}
 15481 | D:11     | Noticed an archer statue
 15482 | D:11     | Noticed an archer statue
 15734 | D:11     | Killed an archer statue
 16419 | D:11     | Killed an archer statue
 16420 | D:11     | Reached XP level 12. HP: 79/131 MP: 16/16
 16588 | Lair:1   | Entered Level 1 of the Lair of Beasts
 16911 | Lair:1   | Found a snail-covered altar of Cheibriados.
 16984 | Lair:1   | Reached skill level 5 in Throwing
 17681 | Lair:1   | Reached ***** piety under Okawaru
 18435 | Lair:2   | Noticed a boulder beetle
 18467 | Lair:2   | Killed a boulder beetle
 18778 | Lair:2   | Received a gift from Okawaru
 18994 | Lair:2   | Found a staircase to the Shoals.
 19512 | Lair:3   | Noticed Fannar
 19514 | Arena    | Entered the Arena
 19518 | Arena    | Reached XP level 13. HP: 82/139 MP: 8/17
 19545 | Lair:3   | Killed Fannar
 19559 | Lair:3   | Reached skill level 15 in Unarmed Combat
 19680 | Lair:3   | Found a staircase to the Snake Pit.
 19686 | Lair:3   | Found a gate leading to a gauntlet.
 19695 | Gauntlet | Entered a Gauntlet
 19695 | Gauntlet | Found a large runed translucent door.
 19695 | Gauntlet | Found a large runed translucent door.
 19695 | Gauntlet | Found a large runed translucent door.
 19695 | Gauntlet | Found a large runed translucent door.
 19695 | Gauntlet | Found a runed translucent door.
 19695 | Gauntlet | Found a large runed translucent door.
 19695 | Gauntlet | Found a large runed translucent door.
 19695 | Gauntlet | Found a transporter.
 19695 | Gauntlet | Found a transporter.
 19695 | Gauntlet | Found a large runed translucent door.
 19695 | Gauntlet | Found a large runed translucent door.
 19695 | Gauntlet | Found a runed translucent gate.
 19695 | Gauntlet | Found a runed translucent gate.
 19695 | Gauntlet | Found a transporter.
 19696 | Gauntlet | Found a transporter.
 19699 | Gauntlet | Found a transporter.
 19713 | Gauntlet | Found a transporter.
 19771 | Gauntlet | Found a runed translucent door.
 19772 | Gauntlet | Found a large runed translucent door.
 19772 | Gauntlet | Found a large runed translucent door.
 19772 | Gauntlet | Found a large runed translucent door.
 19772 | Gauntlet | Found a large runed translucent door.
 19773 | Gauntlet | Found a large runed translucent door.
 19773 | Gauntlet | Found a large runed translucent door.
 19774 | Gauntlet | Found a large runed translucent door.
 19774 | Gauntlet | Found a large runed translucent door.
 19778 | Gauntlet | Found a transporter.
 19783 | Gauntlet | Found a runed translucent gate.
 19792 | Gauntlet | Found a transporter.
 19807 | Gauntlet | Found a transporter.
 19821 | Gauntlet | Found a transporter.
 19836 | Gauntlet | Found a transporter.
 19842 | Gauntlet | Found a transporter.
 19961 | Gauntlet | Identified the ring of Rahij {^Contam rPois rN+ Dex+3 SInv}
 19973 | Gauntlet | Received a gift from Okawaru
 19976 | Gauntlet | Reached skill level 10 in Fighting
 20381 | Gauntlet | Identified the +9 plate armour of Youthful Indiscretion
                  | {rPois rN+ Dex-3}
 20381 | Gauntlet | Noticed a minotaur
 20403 | Gauntlet | Killed a minotaur
 21433 | Lair:4   | Found a dark tunnel.
 21558 | Volcano  | Entered a volcano
 21680 | Volcano  | Noticed a fire dragon
 21692 | Volcano  | Killed a fire dragon
 21864 | Lair:4   | Reached XP level 14. HP: 135/163 MP: 18/18
 21958 | Lair:4   | Noticed Sonja
 22176 | Lair:4   | Killed Sonja
 22361 | Lair:4   | Found a viscous altar of Jiyva.
 22362 | Lair:4   | Found a staircase to the Slime Pits.
 22973 | Lair:5   | Entered Level 5 of the Lair of Beasts
 22989 | Lair:5   | Received a gift from Okawaru
 23761 | Lair:5   | Reached skill level 15 in Armour
 23848 | Lair:5   | Received a gift from Okawaru
 24429 | Lair:5   | Received a gift from Okawaru
 24853 | Lair:5   | Reached skill level 10 in Invocations
 25055 | Lair:5   | Reached XP level 15. HP: 161/171 MP: 23/23
 25629 | D:12     | Found Atuxotze's Magic Scroll Boutique.
 25637 | D:12     | Bought a scroll of teleportation for 48 gold pieces
 25637 | D:12     | Bought 3 scrolls of fog for 192 gold pieces
 25637 | D:12     | Bought a scroll of fear for 64 gold pieces
 26220 | D:13     | Noticed Josephine
 26230 | D:13     | Killed Josephine
 26291 | D:13     | Received a gift from Okawaru
 26297 | D:13     | Noticed Kirke
 26335 | D:13     | Slain by a shadow

Illustrated notes

Levels and vault maps discovered:
D:1:      dreamdust_arrival_sigmund_warning, layout_loops_ring
D:2:      layout_loops_ring, corexii_leaking_fountain
D:3:      layout_loops_ring, mainiacjoe_overflow_chevrons
D:4:      nicolae_cairo_tiling_very_big, layout_loops_cross, serial_shops, shop,
          uniq_duvessa
D:5:      layout_basic, marbit_many_paths, temple_pool_b, uniq_blork_the_orc
D:6:      layout_loops_ring, dreamdust_divine_triumvirate,
          minmay_misc_feat_secret_circle, minmay_misc_feat_encased,
          kennysheep_path_1, uniq_crazy_yiuf_cottage
D:7:      layout_loops_ring, bloody_makhleb, mainiacjoe_overflow_alcove_3,
          uniq_maurice
D:8:      layout_basic, cheibrodos_ashenzari_chains, patterned_corridor,
          uniq_psyche, uniq_joseph, uniq_gastronok
D:9:      layout_irregular_city, nicolae_overflow_crystal_walls,
          kennysheep_little_box, lair_entry_dummy, uniq_grum, uniq_pikel,
          uniq_jeremiah
D:10:     layout_basic, kennysheep_orc_monster_closet_entryway, enter_bailey_4,
          enter_trove_1, uniq_snorg
D:11:     layout_basic, minmay_dual_archer_statues
D:12:     layout_long_grid, serial_shops, shop
D:13:     wad_pebble_path, layout_layer_cave, uniq_kirke, uniq_josephine
Temple:   corrupted_temple
Lair:1:   layout_gridlike, basic_altar, minmay_hedge_maze, guppyfry_lair_drakes
Lair:2:   layout_roguey, shoals_dummy_entry, beast_lair_carwin_10
Lair:3:   layout_regular_city, guppyfry_snake_entry_island,
          gauntlet_entry_generic, cheibrodos_lair_lostbears,
          lemuel_fruit_fields, grunt_megastairs_1, uniq_fannar
Lair:4:   layout_misc_corridors, slime_entry_1, nicolae_volcano_entry_lava_flow,
          serial_bayou_ford_a, chequers_serial_rivers_marsh, uniq_sonja
Lair:5:   evilmike_catoblepas_cave, layout_cave_pods

Skill      XL: |  1  2  3  4  5  6  7  8  9 10 11 12 13 14 15 |
---------------+----------------------------------------------+-----
Unarmed Combat | 4 5 6 7 8 10 12 13 15 | 15.8
Fighting       | 4 5 7 8 12 | 12.0
Stealth        | 3 |  3.0
Throwing       | 3 8 |  8.0
Invocations    | 5 6 11 12 | 12.0
Dodging        | 1 3 |  3.4
Armour         | 9 12 13 15 | 15.0
Evocations     | 3 7 |  7.0

Action                     |  1- 3 |  4- 6 |  7- 9 | 10-12 | 13-15 || total
---------------------------+-------+-------+-------+-------+-------++-------
  Melee: Unarmed           |   106 |   124 |   403 |   745 |   724 ||  2102
         Punch             |     3 |     3 |    28 |    54 |    91 ||   179
         Headbutt          |       |       |    59 |   174 |   207 ||   440
  Throw: Dart              |       |     4 |    19 |    15 |     3 ||    41
         Boomerang         |       |       |       |   119 |    78 ||   197
         Javelin           |       |       |       |       |     2 ||     2
 Invoke: Heroism           |       |       |     3 |    19 |    16 ||    38
         Duel              |       |       |       |     1 |       ||     1
         Finesse           |       |       |       |       |     2 ||     2
  Evoke: Wand              |       |       |     3 |    13 |     7 ||    23
    Use: Scroll            |     1 |     4 |    12 |     9 |     7 ||    33
         Potion            |       |     3 |     1 |    11 |     9 ||    24
   Stab: Sleeping          |       |       |     3 |     1 |       ||     4
         Distracted        |       |       |     2 |       |       ||     2
         Paralysed         |       |       |       |     5 |     2 ||     7
         Invisible         |       |       |       |       |     2 ||     2
         Petrifying        |       |       |       |       |     1 ||     1
         Petrified         |       |       |       |       |     3 ||     3
 Armour: Leather armour    |    47 |    58 |   234 |    38 |       ||   377
         Plate armour      |       |       |       |   233 |   636 ||   869
         Chain mail        |       |       |       |   380 |    61 ||   441
         Skin              |       |       |       |       |    15 ||    15
  Dodge: Dodged            |    65 |    71 |   265 |   373 |   380 ||  1154

Table legend: (Time is in decaauts)
 A = Elapsed time spent in this place.
 B = Non-inter-level travel time spent in this place.
 C = Inter-level travel time spent in this place.
 D = Time resting spent in this place.
 E = Time spent auto-exploring this place.
 F = Levels seen in this place.
 G = Mean time per level.
                   A        B        C        D        E       F      G
               +--------+--------+--------+--------+--------+-----+--------+
         Total |  26139 |  25233 |    906 |   4335 |  14992 |  23 | 1136.5 |
       Dungeon |  16591 |  16033 |    558 |   3042 |   9705 |  13 | 1276.2 |
        Temple |    138 |    138 |      0 |    100 |      0 |   1 |  138.0 |
          Lair |   7776 |   7429 |    347 |   1029 |   4675 |   5 | 1555.2 |
        Bailey |    511 |    511 |      0 |    162 |     95 |   1 |  511.0 |
       Volcano |    136 |    136 |      0 |      0 |      0 |   1 |  136.0 |
      Gauntlet |    968 |    968 |      0 |      2 |    515 |   1 |  968.0 |
         Arena |     16 |     16 |      0 |      0 |      0 |   1 |   16.0 |
               +--------+--------+--------+--------+--------+-----+--------+

Top non-repeatable levels by time:
  Lair:5: 2461 daAuts
     D:9: 2304 daAuts
    D:11: 2037 daAuts
     D:7: 1809 daAuts
  Lair:1: 1796 daAuts
     D:6: 1671 daAuts
     D:8: 1452 daAuts
  Lair:4: 1298 daAuts
    D:10: 1289 daAuts
     D:4: 1287 daAuts
     D:5: 1219 daAuts
  Lair:3: 1129 daAuts
     D:3: 1116 daAuts
  Lair:2: 1091 daAuts
Gauntlet: 968 daAuts
